 Dungeon Crawl Stone Soup version 0.30-a0-377-g5cb311bc9f (webtiles) character file.

Game seed: 5957767034924539863

44321 avis the Skirmisher (level 13, -12/108 HPs)
             Began as a Demigod Ice Elementalist on Nov 27, 2022.
             Shot with an arrow by Nessos (24 damage)
             ... on level 5 of the Lair of Beasts on Nov 28, 2022.
             The game lasted 03:15:57 (23696 turns).

avis the Skirmisher (Demigod Ice Elementalist)     Turns: 23696, Time: 03:15:58

Health: -12/108    AC:  8    Str: 13    XL:     13   Next: 57%
Magic:  24/24      EV: 22    Int: 17    God:
Gold:   167        SH:  0    Dex: 36    Spells: 12/22 levels left

rFire   + . .      SeeInvis +    w - +10 short sword "Awadd" {drain, Will+}
rCold   . . .      Faith    .    (no shield)
rNeg    . . .      Spirit   .    S - +2 robe {rF+}
rPois   .          Reflect  .    n - +2 hat
rElec   +          Harm     .    x - +0 cloak
rCorr   .          Rampage  .    (no gloves)
Will    +++..                    p - +0 pair of boots
Stlth   +++.......               k - amulet of magic regeneration
HPRegen 0.38/turn                j - ring of Teq Koin {rElec Will+ Str+4 Slay+3 SInv}
MPRegen 0.59/turn                O - +6 ring of dexterity

@: hasted, very quick
A: high MP 1, forlorn, divine attributes
a: no special abilities


You were on level 5 of the Lair of Beasts.
You visited 3 branches of the dungeon, and saw 16 of its levels.

You collected 1472 gold pieces.
You spent 1305 gold pieces at shops.

Inventory:

Hand Weapons
 b - a +0 vorpal sling
 w - the +10 short sword "Awadd" (weapon) {drain, Will+}
   (You found it on level 2 of the Lair of Beasts)

   A truly terrible weapon, it drains the life of any living foe it strikes.
   Will:      It increases your willpower.
Armour
 n - a +2 hat (worn)
 p - a +0 pair of boots (worn)
 x - a +0 cloak (worn)
 S - a +2 robe of fire resistance (worn)
Magical Staves
 a - a staff of cold
Jewellery
 j - the ring of Teq Koin (left hand) {rElec Will+ Str+4 Slay+3 SInv}
   (You bought it in a shop on level 2 of the Dungeon)

   [ring of willpower]

   Str:       It affects your strength (+4).
   Slay:      It affects your accuracy & damage with ranged weapons and melee
   (+3).
   rElec:     It insulates you from electricity.
   SInv:      It lets you see invisible.
   Will:      It increases your willpower.
 k - an amulet of magic regeneration (around neck)
 C - a ring of flight
 O - a +6 ring of dexterity (right hand)
Wands
 l - a wand of light (12)
 s - a wand of roots (15)
 u - a wand of polymorph (6)
 z - a wand of mindburst (16)
 A - a wand of flame (8)
 D - a wand of digging (5)
 V - a wand of paralysis (11)
Scrolls
 m - 4 scrolls of butterflies
 o - 8 scrolls of teleportation
 r - 4 scrolls of fear {unknown}
 t - 3 scrolls of blinking
 J - 5 scrolls of immolation {unknown}
 T - 3 scrolls of magic mapping
Potions
 d - 6 potions of curing
 e - 4 potions of resistance
 f - 3 potions of might
 g - 3 potions of magic
 h - 2 potions of brilliance
 i - 4 potions of ambrosia
 E - 4 potions of flight
 N - 4 potions of haste
 U - 3 potions of lignification


   Skills:
 * Level 8.6 Fighting
 - Level 10.0 Short Blades
 - Level 14.0 Ranged Weapons
 - Level 5.0 Armour
 - Level 8.0 Dodging
 - Level 2.0 Stealth
 - Level 5.0 Spellcasting
 - Level 7.0 Ice Magic


You had 12 spell levels left.
You knew the following spells:

 Your Spells              Type           Power      Damage    Failure   Level
a - Freeze                Ice            100%       1d10      1%          1
h - Hailstorm             Conj/Ice       16%        3d6       10%         3
o - Ozocubu's Armour      Ice            28%        N/A       2%          3
r - Frozen Ramparts       Ice            56%        1d9       2%          3

Your spell library contained the following spells:

 Spells                   Type           Power      Damage    Failure   Level
 Apportation              Tloc           8%         N/A       14%         1
 Foxfire                  Conj/Fire      16%        2x1d4     14%         1
 Necrotise                Necr           16%        1d4       14%         1
 Shock                    Conj/Air       16%        1d4       14%         1
 Slow                     Hex            16%        N/A       14%         1
 Summon Small Mammal      Summ           16%        N/A       14%         1
 Static Discharge         Conj/Air       8%         2-3/arc   22%         2
 Ice Form                 Ice/Tmut       16%        N/A       32%         4
 Summon Ice Beast         Ice/Summ       16%        N/A       32%         4
 Call Canine Familiar     Summ           4%         N/A       38%         3
 Confusing Touch          Hex            4%         N/A       38%         3
 Portal Projectile        Hex/Tloc       8%         N/A       38%         3
 Summon Guardian Golem    Hex/Summ       4%         N/A       38%         3
 Swiftness                Air            4%         N/A       38%         3
 Tukima's Dance           Hex            4%         N/A       38%         3
 Vampiric Draining        Necr           4%         2d6       38%         3
 Airstrike                Air            2%         2d(1-17)  80%         4
 Blade Hands              Tmut           2%         N/A       98%         5
 Lightning Bolt           Conj/Air       2%         1d13      98%         5
 Simulacrum               Ice/Necr       8%         N/A       99%         6


Dungeon Overview and Level Annotations

Branches:
Dungeon (10/15)            Temple (1/1) D:4            Lair (5/5) D:9
 Shoals (0/4) Lair:2       Spider (0/4) Lair:3        Slime (0/5) Lair:5
    Orc (0/2) D:9

Shops:
D:2 =

Annotations:
D:4 glass case
D:6 2 runed translucent doors, Tocho's ghost, novice HOFi
Lair:1 3 runed translucent doors, NinjaNoafa's ghost, novice MiFi
Lair:5 Nessos


Innate Abilities, Weirdness & Mutations

You have an increased reservoir of magic. (+10% MP)
You shall have no god before yourself.
Your divine heritage dramatically boosts your attributes as you level up.


Message History

Nessos struggles to resist.
Nessos shoots an arrow.
The arrow hits you!
* * * LOW HITPOINT WARNING * * *
Nessos shoots an arrow.
The arrow hits you but does no damage. The heat melts your icy armour.
Okay, then.
As you read the scroll of butterflies, it crumbles to dust.
You hear the tinkle of a tiny bell.
Nessos unwields a +3 longbow of flaming.
It stops flaming.
Nessos wields a +0 great sword.
Nessos hits your butterfly with a +0 great sword!
Your butterfly dies!
Your butterfly disappears in a burst of colours!
You feel yourself speed up.
Nessos mumbles some strange words.
Nessos blinks!
Nessos mumbles some strange words.
Nessos blinks!
You sense an unholy aura.
w - the +10 short sword "Awadd" (weapon)
{drain, Will+} Your icy armour cracks and falls away as you move.
You swap places.
Nessos mumbles some strange words.
Nessos blinks!
You swap places.
Nessos says, "Study your classics!" Nessos closely misses your butterfly.
Nessos barely misses your butterfly. Nessos hits you with a +0 great sword!
* * * LOW HITPOINT WARNING * * *
Nessos misses you.
You hit Nessos but do no damage.
Nessos is lightly wounded.
Nessos gestures wildly while chanting.
Nessos blinks!
You feel better.
Nessos unwields a +0 great sword.
Nessos wields a +3 longbow of flaming.
It bursts into flame!
Nessos shoots an arrow.
The arrow misses you.
You swap places.
Nessos gestures wildly while chanting.
Nessos blinks!
Nessos shoots an arrow.
The arrow hits you!!
You die...

.......#..♣♣♣........#.#
..........♣...........##
....................P##
...........#.#.....###
..........#.##......#
##........##.#..b...#
.#.............b.b..#
..............b..b.b##
............bbb.@..b.#
...............bbb...#
#........c....b.§.§..##
#...##...P.##.bb....#.#
#..........#.#b....####
...................##
....................#
............§.......#
...................##


You could see Nessos (fast, ally target).

Vanquished Creatures
  4 hydras
  2 catoblepae
  A boulder beetle (Lair:3)
  8 death yaks
  Sonja (Lair:3)
  A fire crab (Lair:3)
  A lindwurm (Lair:4)
  A cyclops (D:10)
  3 elephants (Lair:4)
  A merfolk siren (Lair:2)
  A black mamba (Lair:3)
  Joseph (D:7)
  2 torpor snails
  18 cane toads
  6 komodo dragons
  6 rime drakes
  A tengu conjurer (D:10)
  5 polar bears
  3 tyrant leeches
  A hornet (D:10)
  25 blink frogs
  2 culicivoras (Lair:3)
  6 wyverns
  2 wraiths
  A shadow (D:9)
  50 yaks
  4 vampire mosquitoes (Lair:5)
  Eustachio (D:6)
  3 basilisks
  2 steam dragons
  13 water moccasins
  An ice beast (D:7)
  6 orc warriors
  A sky beast (D:7)
  3 black bears
  10 wolves
  18 bullfrogs
  Blork the orc (D:6)
  2 necrophages
  A scorpion (D:5)
  3 wights
  2 electric eels (Lair:5)
  A howler monkey (D:8)
  3 hounds
  A jelly (D:8)
  6 orc priests
  Crazy Yiuf (D:6)
  3 gnoll boudas
  Ijyb (D:3)
  3 iguanas
  5 orc wizards
  Natasha (thrice) (D:3)
  5 hell rats (Lair:5)
  Robin (D:4)
  14 gnolls
  6 adders
  2 shadow imps
  An ufetubus (D:7)
  4 worms
  2 dart slugs
  46 orcs
  8 endoplasms
  6 giant cockroaches
  16 goblins
  7 hobgoblins
  6 jackals
  A quokka (D:2)
  12 ball pythons
  6 bats
  2 frilled lizards (D:1)
  10 kobolds
  8 rats
414 creatures vanquished.

Vanquished Creatures (others)
  A bush (Lair:3)
  28 fungi
  104 plants
133 creatures vanquished.

Grand Total: 547 creatures vanquished

Notes
Turn   | Place    | Note
-------+----------+-------------------------------------------
     0 | D:1      | avis the Demigod Ice Elementalist began the quest for the
                  | Orb.
     0 | D:1      | Reached XP level 1. HP: 14/14 MP: 5/5
   258 | D:1      | Reached XP level 2. HP: 20/20 MP: 4/7
   672 | D:1      | Reached skill level 1 in Fighting
  1276 | D:2      | Reached XP level 3. HP: 28/28 MP: 7/9
  1281 | D:2      | Learned a level 3 spell: Frozen Ramparts
  1315 | D:1      | Learned a level 3 spell: Ozocubu's Armour
  1537 | D:2      | Found Posmicze's Jewellery Shop.
  2090 | D:2      | Reached XP level 4. HP: 30/36 MP: 3/10
  2978 | D:3      | Noticed Ijyb
  2981 | D:3      | Noticed Natasha
  2986 | D:3      | Killed Ijyb
  2987 | D:3      | Killed Natasha
  2988 | D:3      | Reached skill level 5 in Ice Magic
  3179 | D:3      | Noticed Natasha
  3185 | D:3      | Killed Natasha
  3186 | D:3      | Reached XP level 5. HP: 41/41 MP: 1/12
  3195 | D:3      | Noticed Natasha
  3202 | D:3      | Killed Natasha
  3739 | D:4      | Reached skill level 1 in Armour
  3887 | D:4      | Noticed Robin
  3893 | D:4      | Killed Robin
  4101 | D:4      | Reached skill level 1 in Ranged Weapons
  4101 | D:4      | Reached XP level 6. HP: 48/48 MP: 4/13
  4413 | D:4      | Found a staircase to the Ecumenical Temple.
  4421 | Temple   | Entered the Ecumenical Temple
  4652 | D:4      | Reached skill level 2 in Ranged Weapons
  5031 | D:5      | Entered Level 5 of the Dungeon
  5044 | D:5      | Reached skill level 3 in Ranged Weapons
  5453 | D:5      | Reached skill level 4 in Ranged Weapons
  5453 | D:5      | Reached XP level 7. HP: 56/56 MP: 11/14
  6023 | D:6      | Noticed Eustachio
  6049 | D:6      | Killed Eustachio
  6050 | D:6      | Reached skill level 5 in Ranged Weapons
  6168 | D:6      | Found a runed translucent door.
  6191 | D:6      | Found a runed translucent door.
  6265 | D:6      | Found a runed translucent door.
  6266 | D:6      | Noticed Crazy Yiuf
  6274 | D:6      | Killed Crazy Yiuf
  6397 | D:6      | Noticed Blork the orc
  6408 | D:6      | Killed Blork the orc
  6437 | D:6      | Reached skill level 6 in Ranged Weapons
  6458 | D:6      | Reached XP level 8. HP: 59/66 MP: 10/15
  6788 | D:6      | Noticed Tocho's ghost (novice HOFi)
  6988 | D:7      | Noticed Joseph
  6993 | D:7      | Paralysed by Joseph for 4 turns
  7002 | D:7      | Killed Joseph
  7003 | D:7      | Reached skill level 7 in Ranged Weapons
  7080 | D:7      | Reached skill level 8 in Ranged Weapons
  7957 | D:6      | Reached XP level 9. HP: 35/53 MP: 16/16
  8306 | D:7      | Found Ethacoec's Magic Scroll Shoppe.
 10360 | D:8      | Reached skill level 9 in Ranged Weapons
 10444 | D:9      | Reached skill level 10 in Ranged Weapons
 10991 | D:2      | Bought the ring of Teq Koin {rElec Will+ Str+4 Slay+3 SInv}
                  | for 834 gold pieces
 11282 | D:9      | Reached skill level 5 in Fighting
 11388 | D:9      | Found a staircase to the Lair.
 11466 | D:9      | Reached skill level 5 in Dodging
 11602 | D:9      | Found a staircase to the Orcish Mines.
 11690 | D:9      | Reached XP level 10. HP: 81/81 MP: 12/17
 11978 | D:7      | Bought a scroll of teleportation for 33 gold pieces
 11978 | D:7      | Bought a scroll of vulnerability for 44 gold pieces
 11978 | D:7      | Bought a scroll of blinking for 82 gold pieces
 12225 | Lair:1   | Entered Level 1 of the Lair of Beasts
 12263 | Lair:1   | Noticed a black mamba
 12268 | Lair:1   | Found a runed translucent gate.
 12268 | Lair:1   | Found a runed translucent gate.
 12270 | Lair:1   | Found a runed translucent gate.
 12276 | Lair:1   | Noticed NinjaNoafa's ghost (novice MiFi)
 12396 | Lair:1   | Got the Almanac of the Fiery Tempest
 12443 | Lair:1   | Reached skill level 11 in Ranged Weapons
 12814 | Lair:1   | Reached skill level 12 in Ranged Weapons
 13962 | Lair:2   | Noticed a torpor snail
 14303 | Lair:2   | Reached XP level 11. HP: 86/86 MP: 17/20
 14324 | Lair:2   | Found a staircase to the Shoals.
 14478 | Lair:2   | Reached skill level 13 in Ranged Weapons
 14516 | Lair:2   | Identified the +10 short sword "Awadd" {drain, Will+}
 14835 | Lair:2   | Noticed a death yak
 14854 | Lair:2   | Killed a death yak
 15314 | D:7      | Bought a scroll of enchant weapon for 82 gold pieces
 15515 | D:10     | Entered Level 10 of the Dungeon
 15675 | D:10     | Reached skill level 14 in Ranged Weapons
 15678 | D:10     | Reached skill level 1 in Short Blades
 15776 | D:10     | Learned a level 3 spell: Hailstorm
 16846 | Lair:3   | Noticed Sonja
 16859 | Lair:3   | Killed Sonja
 17004 | Lair:3   | Found a hole to the Spider Nest.
 17026 | Lair:3   | Reached skill level 5 in Short Blades
 17393 | Lair:3   | Reached skill level 5 in Spellcasting
 17393 | Lair:3   | Reached XP level 12. HP: 88/94 MP: 18/23
 17434 | Lair:3   | Noticed a five-headed hydra
 17442 | Lair:3   | Killed a five-headed hydra
 17987 | Lair:3   | Noticed a boulder beetle
 18059 | Lair:3   | Killed a boulder beetle
 18645 | D:7      | Bought a scroll of silence for 104 gold pieces
 18998 | Lair:4   | Noticed a catoblepas
 19071 | Lair:4   | Killed a catoblepas
 19400 | Lair:4   | Reached skill level 5 in Armour
 20420 | D:7      | Bought a scroll of brand weapon for 104 gold pieces
 20420 | D:7      | Bought a scroll of identify for 22 gold pieces
 20588 | Lair:5   | Entered Level 5 of the Lair of Beasts
 20937 | Lair:4   | Reached XP level 13. HP: 52/102 MP: 20/24
 21381 | Lair:4   | Reached skill level 10 in Short Blades
 22504 | Lair:5   | Noticed Nessos
 22510 | Lair:5   | Found a staircase to the Slime Pits.
 23693 | Lair:5   | HP: 4/108 [Nessos/+0 great sword (10)]
 23696 | Lair:5   | Shot with an arrow by Nessos

Illustrated notes

Levels and vault maps discovered:
D:1:      psy_arrival_dodecagon, layout_loops_cross,
          dreamdust_ecumenical_altar_statues, minmay_misc_feat_four_crosses,
          minmay_hedge_maze
D:2:      layout_rooms, serial_shops, nicolae_shop_window_shopping
D:3:      layout_loops_ring, uniq_natasha, uniq_ijyb
D:4:      minmay_polygon_palace, layout_loops_cross, minmay_temple_entry_trees,
          due_unseen_surprise, uniq_robin
D:5:      layout_loops_ring
D:6:      layout_loops_ring, kennysheep_mini, trog_ov_bears_minmay,
          ebering_ghost_sewer_f, uniq_eustachio, uniq_crazy_yiuf_cottage,
          uniq_blork_the_orc
D:7:      minmay_general_purpose_star, layout_gridville, serial_shops,
          nicolae_shop_behind_doors, uniq_joseph
D:8:      layout_layer_cave
D:9:      layout_loops_corners, nicolae_overflow_hidden_temple,
          lair_entry_dummy, david_orc_5
D:10:     layout_irregular_city, nicolae_sif_muna_little_library,
          zin_scriptorium, hangedman_abyss_or_decor_stagger,
          minmay_ruined_shrine
Temple:   minmay_freezing_vapour_temple
Lair:1:   layout_cave_pods, gammafunk_ghost_split, serial_bayou_shore_b,
          infiniplex_staircase_pool_2
Lair:2:   layout_hall_layers, minmay_shoals_entry_lonely_mermaid
Lair:3:   cheibrodos_lair_river_kwai, layout_regular_city,
          hellmonk_spider_entry_life_and_decay, uniq_sonja
Lair:4:   layout_concentric_octagons, serial_bayou_shore_b
Lair:5:   minmay_lair_end_frog_pond, layout_gridlike, slime_entry_1,
          nicolae_lair_yak_garden, uniq_nessos

Skill      XL: |  1  2  3  4  5  6  7  8  9 10 11 12 13 |
---------------+----------------------------------------+-----
Spellcasting   | 2 3 4 5 |  5.0
Ice Magic      | 4 5 6 7 |  7.0
Fighting       | 1 2 4 5 6 8 |  8.6
Dodging        | 2 4 5 6 8 |  8.0
Stealth        | 2 |  2.0
Armour         | 2 5 |  5.0
Ranged Weapons | 1 4 6 8 10 12 14 | 14.0
Short Blades   | 6 9 10 | 10.0

Action                   |  1- 3 |  4- 6 |  7- 9 | 10-12 | 13-15 || total
-------------------------+-------+-------+-------+-------+-------++-------
Melee: Short sword       |     6 |       |       |   243 |   142 ||   391
       Staff             |     6 |    36 |       |     2 |     1 ||    45
       Rapier            |       |       |    17 |       |       ||    17
       Punch             |       |       |     1 |     9 |     3 ||    13
 Fire: Sling             |       |    68 |   257 |   366 |   110 ||   801
Throw: Boomerang         |    11 |       |       |       |       ||    11
 Cast: Freeze            |    52 |    15 |    11 |       |       ||    78
       Frozen Ramparts   |     7 |    34 |    56 |    97 |    30 ||   224
       Ozocubu's Armour  |     4 |    16 |    39 |    79 |    30 ||   168
       Hailstorm         |       |       |       |       |     1 ||     1
Evoke: Wand              |       |     3 |       |       |     3 ||     6
  Use: Scroll            |       |     2 |    14 |     4 |     2 ||    22
       Potion            |       |       |       |     3 |     6 ||     9
 Stab: Sleeping          |     3 |       |       |     2 |     1 ||     6
       Distracted        |       |     1 |       |       |       ||     1
Armor: Robe              |    14 |    12 |    45 |   102 |    27 ||   200
       Leather armour    |       |       |    11 |       |       ||    11
Dodge: Dodged            |    42 |    53 |   164 |   322 |    83 ||   664

Table legend: (Time is in decaauts)
 A = Elapsed time spent in this place.
 B = Non-inter-level travel time spent in this place.
 C = Inter-level travel time spent in this place.
 D = Time resting spent in this place.
 E = Time spent auto-exploring this place.
 F = Levels seen in this place.
 G = Mean time per level.
                   A        B        C        D        E       F      G
               +--------+--------+--------+--------+--------+-----+--------+
         Total |  23366 |  19855 |   3511 |   6690 |   7854 |  16 | 1460.4 |
       Dungeon |  13397 |  11137 |   2260 |   3549 |   4684 |  10 | 1339.7 |
        Temple |     65 |     59 |      6 |      6 |      0 |   1 |   65.0 |
          Lair |   9904 |   8660 |   1244 |   3135 |   3170 |   5 | 1980.8 |
               +--------+--------+--------+--------+--------+-----+--------+

Top non-repeatable levels by time:
  Lair:4: 2322 daAuts
  Lair:1: 2139 daAuts
  Lair:3: 2137 daAuts
     D:6: 1888 daAuts
     D:8: 1873 daAuts
     D:4: 1727 daAuts
  Lair:5: 1706 daAuts
  Lair:2: 1597 daAuts
     D:1: 1543 daAuts
     D:9: 1473 daAuts
     D:3: 1253 daAuts
     D:7: 1130 daAuts
     D:5: 980 daAuts
     D:2: 952 daAuts
    D:10: 573 daAuts
